 Dungeon Sprint DCSS version 0.21-a0-437-ge5bf024 (webtiles) character file.

6487 mastercheaf21 the Bludgeoner (level 10, -14/111 HPs)
             Began as a Minotaur Berserker on Nov 9, 2017.
             Was the Champion of Trog.
             Demolished by Sonja
             ... wielding a +2 short sword of distortion
              (18 damage)
             ... in the Dungeon (Sprint IX: "|||||||||||||||||||||||||||||").
             The game lasted 00:09:41 (1900 turns).

mastercheaf21 the Bludgeoner (Minotaur Berserker)   Turns: 1900, Time: 00:09:49

Health: -14/111    AC: 18    Str: 25    XL:     10   Next: 68%
Magic:  9/9        EV:  9    Int:  4    God:    Trog [******]
Gold:   29         SH:  0    Dex: 10    Spells: 9/9 levels left

rFire    . . .     SeeInvis .   B - +6 great mace of Exquisite Torment {drain, *Rage rC+++ rN++ Dex-4}
rCold    + + +     Gourm    .   (shield currently unavailable)
rNeg     + + .     Faith    .   q - +1 chain mail
rPois    .         Spirit   .   (helmet restricted)
rElec    .         Reflect  .   p - +0 cloak
rCorr    .         Harm     .   o - +0 pair of gloves
MR       ++...     Rnd*Rage +   (no boots) Stlth ..........NoTele +
                                (no amulet)
HPRegen  1.28/turn              r - +2 ring of protection
MPRegen  0.11/turn              v - +4 ring of dexterity

@: lethally poisoned (-14 -> -22), regenerating, slowed, very slow
A: retaliatory headbutt, horns 2
a: Berserk, Trog's Hand, Brothers in Arms, Burn Spellbooks, Renounce Religion


You were in the Dungeon.
You worshipped Trog.
Trog was exalted by your worship.
You were not hungry.

You visited 1 branch You collected 29 gold pieces.

Inventory:

Hand Weapons
 a - a +0 mace
 m - a +1 broad axe of chopping
 n - a +2 morningstar of protection
 u - a +2 antimagic dire flail
 z - a +3 antimagic quarterstaff
 B - the +6 great mace of Exquisite Torment (weapon) {drain, *Rage rC+++ rN++ Dex-4}
   (Trog gifted it to you in the Dungeon)

   A truly terrible weapon, it drains the life of those it strikes.
   It affects your dexterity (-4).
   It renders you almost immune to cold.
   It greatly protects you from negative energy.
   It may make you go berserk in combat.
 C - a +3 antimagic war axe
Armour
 b - a +0 animal skin
 o - a +0 pair of gloves (worn)
 p - a +0 cloak (worn)
 q - a +1 chain mail (worn)
Jewellery
 r - a +2 ring of protection (left hand)
 s - a +2 ring of protection
 v - a +4 ring of dexterity (right hand)
Wands
 l - a wand of iceblast (7/15)
Scrolls
 i - 3 scrolls of blinking
 k - 4 scrolls of remove curse
 w - a scroll of fear
 x - 2 scrolls of enchant weapon
 y - a scroll of identify
Potions
 d - 7 potions of curing
 e - 9 potions of heal wounds
 f - a potion of haste
 g - 4 potions of magic
 h - a potion of berserk rage
 j - a potion of invisibility
 t - a potion of brilliance
Comestibles
 c - 13 bread rations
 D - 40 fruits
 E - 12 meat rations


   Skills:
 + Level 17.4 Fighting
 - Level 11.2(15.5) Axes
 * Level 17.5(18.5) Maces & Flails
 - Level 12.5 Armour
 - Level 2.3 Dodging


You had 9 spell levels left.
You didn't know any spells.

Dungeon Overview and Level Annotations

Branches:
Dungeon (1/1)

Altars:
Cheibriados
Dithmenos
Elyvilon
Fedhas
Gozag
Hepliaklqana
Kikubaaqudgha
Makhleb
Nemelex Xobeh
Okawaru
Qazlal
Ru
Sif Muna
Trog
Uskayaw
Vehumet
Wu Jian
Xom
Yredelemnul
Zin
The Shining One
Beogh
Jiyva
Lugonu

Annotations:
D Sonja


Innate Abilities, Weirdness & Mutations

You reflexively headbutt those who attack you in melee.
You have a pair of horns on your head.


Message History

You feel very sick.
Sonja hits you with an uncursed short sword of distortion.
Space bends around you. Sonja hits you but does no damage.
Space warps horribly around you!
* * * LOW HITPOINT WARNING * * *
Sonja hits you but does no damage. Space bends around you.
* * * LOW HITPOINT WARNING * * *
Your skin crawls.
You feel resistant to hostile enchantments.
You feel somewhat more hungry.
You feel very sick.
Sonja casts a spell.
Sonja blinks!
Sonja hits you but does no damage. Space warps horribly around you!
* * * LOW HITPOINT WARNING * * *
Sonja hits you but does no damage.
Sonja hits you with an uncursed short sword of distortion.
* * * LOW HITPOINT WARNING * * *
Space warps horribly around you!
You die...

▓▓▓▓▓▓▓▓▓▓▓▓▓▓▓▓▓▓▓▓▓▓▓▓▓▓▓▓▓▓▓▓▓
.'....))()...()'(....)|?.'_______
▓▓▓▓▓▓▓▓▓▓▓▓▓▓▓▓▓▓▓▓▓▓▓▓▓▓▓▓▓▓▓▓▓
.................................
▓▓▓▓▓▓▓▓▓▓▓▓▓▓▓▓▓▓▓▓▓▓▓▓▓▓▓▓▓▓▓▓▓
...'..[[[[..'.)......÷.÷÷'.......
▓▓▓▓▓▓▓▓▓▓▓▓▓▓▓▓▓▓▓▓▓▓▓▓▓▓▓▓▓▓▓▓▓
..............(§@K.......
▓▓▓▓▓▓▓▓▓▓▓▓▓▓▓▓▓▓▓▓▓▓▓▓▓


You could see Sonja.

Vanquished Creatures
  A centaur warrior (D)
  A deep elf mage (D)
  2 black mambas (D)
  A spiny frog (D)
  A torpor snail (D)
  A gargoyle (D)
  3 komodo dragons (D)
  5 polar bears (D)
  A hippogriff (D)
  A wyvern (D)
  3 yaks (D)
  A soldier ant (D)
  A porcupine (D)
  3 black bears (D)
  A wolf (D)
  An ogre (D)
  2 centaurs (D)
  4 crocodiles (D)
  3 bullfrogs (D)
  A scorpion (D)
  A howler monkey (D)
  An orc wizard (D)
  A worker ant (D)
  An adder skeleton (D)
  A leopard gecko (D)
  A bat zombie (D)
  A hobgoblin (D)
  A kobold (D)
  A bat (D)
  2 rats (D)
48 creatures vanquished.

Vanquished Creatures (others)
  A spatial maelstrom (D)
1 creature vanquished.

Grand Total: 49 creatures vanquished

Notes
Turn   | Place    | Note
-------+----------+-------------------------------------------
     0 | D        | mastercheaf21 the Minotaur Berserker began the quest for the Orb.
     0 | D        | Reached XP level 1. HP: 19/19 MP: 0/0
     8 | D        | Reached ** piety under Trog
    17 | D        | Banished a spatial maelstrom
    35 | D        | Noticed a worker ant
    35 | D        | Noticed an ogre
    35 | D        | Noticed an orc wizard
    37 | D        | Killed an orc wizard
    37 | D        | Reached *** piety under Trog
    37 | D        | Reached skill level 5 in Fighting
    37 | D        | Reached XP level 2. HP: 29/29 MP: 1/1
    37 | D        | Reached XP level 3. HP: 36/36 MP: 2/2
    49 | D        | Killed an ogre
    49 | D        | Reached XP level 4. HP: 35/47 MP: 3/3
    54 | D        | Reached **** piety under Trog
    54 | D        | Reached skill level 10 in Maces & Flails
    54 | D        | Reached XP level 5. HP: 36/52 MP: 4/4
   149 | D        | Found a roughly hewn altar of Beogh.
   149 | D        | Found a snail-covered altar of Cheibriados.
   149 | D        | Found a shadowy altar of Dithmenos.
   149 | D        | Found a white marble altar of Elyvilon.
   149 | D        | Found a blossoming altar of Fedhas.
   149 | D        | Found an opulent altar of Gozag.
   150 | D        | Found a hazy altar of Hepliaklqana.
   151 | D        | Found a viscous altar of Jiyva.
   152 | D        | Found an ancient bone altar of Kikubaaqudgha.
   153 | D        | Found a corrupted altar of Lugonu.
   154 | D        | Found a burning altar of Makhleb.
   155 | D        | Found a sparkling altar of Nemelex Xobeh.
   156 | D        | Found an iron altar of Okawaru.
   157 | D        | Found a stormy altar of Qazlal.
   158 | D        | Found a sacrificial altar of Ru.
   159 | D        | Found a deep blue altar of Sif Muna.
   160 | D        | Found a bloodstained altar of Trog.
   161 | D        | Found a hide-covered altar of Uskayaw.
   162 | D        | Found a radiant altar of Vehumet.
   163 | D        | Found an ornate altar of the Wu Jian Council.
   164 | D        | Found a shimmering altar of Xom.
   165 | D        | Found a basalt altar of Yredelemnul.
   166 | D        | Found a glowing silver altar of Zin.
   167 | D        | Found a glowing golden altar of the Shining One.
   220 | D        | Noticed a soldier ant
   220 | D        | Noticed a centaur
   226 | D        | Killed a centaur
   226 | D        | Reached XP level 6. HP: 53/62 MP: 5/5
   236 | D        | Killed a soldier ant
   238 | D        | Reached ***** piety under Trog
   240 | D        | Reached skill level 10 in Fighting
   377 | D        | Noticed a wyvern
   377 | D        | Noticed a gargoyle
   377 | D        | Noticed a yak
   377 | D        | Noticed a centaur warrior
   377 | D        | Noticed a deep elf mage
   381 | D        | Reached skill level 15 in Maces & Flails
   381 | D        | Reached XP level 7. HP: 68/72 MP: 6/6
   386 | D        | Killed a deep elf mage
   399 | D        | Killed a centaur warrior
   399 | D        | Received a gift from Trog
   399 | D        | Reached skill level 5 in Axes
   399 | D        | Reached XP level 8. HP: 65/85 MP: 7/7
   407 | D        | Killed a gargoyle
   410 | D        | Reached XP level 9. HP: 53/94 MP: 8/8
   689 | D        | Noticed a komodo dragon
   693 | D        | Noticed a komodo dragon
   694 | D        | Noticed a torpor snail
   704 | D        | Reached ****** piety under Trog
   707 | D        | Killed a komodo dragon
   707 | D        | Received a gift from Trog
   719 | D        | Killed a komodo dragon
   719 | D        | Reached skill level 15 in Fighting
   724 | D        | Killed a torpor snail
   724 | D        | Reached skill level 10 in Armour
  1141 | D        | Noticed a spiny frog
  1141 | D        | Noticed a komodo dragon
  1141 | D        | Noticed a black mamba
  1141 | D        | Noticed a black mamba
  1147 | D        | Reached skill level 10 in Axes
  1152 | D        | Killed a black mamba
  1152 | D        | Received a gift from Trog
  1152 | D        | Reached XP level 10. HP: 86/107 MP: 3/9
  1157 | D        | Killed a black mamba
  1164 | D        | Killed a spiny frog
  1183 | D        | Got a dazzling great mace {god gift}
  1567 | D        | Identified the +6 great mace of Exquisite Torment {drain, *Rage rC+++ rN++ Dex-4} (Trog gifted it to you in the Dungeon)
  1631 | D        | Received a gift from Trog
  1894 | D        | Noticed Sonja
  1900 | D        | HP: 4/111 [Sonja/uncursed short sword of distortion (2)]
  1900 | D        | Demolished by Sonja

Vault maps used:
D:        linesprint

Skill      XL: |  1  2  3  4  5  6  7  8  9 10 |
---------------+-------------------------------+-----
Fighting       | 5 7 8 10 12 13 15 17 | 17.4
Maces & Flails | 7 9 10 12 15 16 17 | 17.5
Axes           | 5 7 10 11 | 11.2
Armour         | 6 7 11 12 | 12.5
Dodging        | |  2.3

Action                   |  1- 3 |  4- 6 |  7- 9 | 10-12 || total
-------------------------+-------+-------+-------+-------++-------
Melee: Mace              |    20 |     5 |       |       ||    25
       Headbutt          |     3 |     5 |    22 |     7 ||    37
       Morningstar       |       |    22 |    28 |       ||    50
       Dire flail        |       |       |    46 |    19 ||    65
       Great mace        |       |       |       |    21 ||    21
Invok: Berserk           |       |       |     1 |       ||     1
       Trog's Hand       |       |       |       |     1 ||     1
  Eat: Chunk             |       |       |     1 |     3 ||     4
Armor: Animal skin       |     5 |     1 |       |       ||     6
       Chain mail        |       |    11 |    27 |    41 ||    79
Dodge: Dodged            |    10 |     7 |    15 |    23 ||    55

Table legend:
 A = Spawn XP
 B = Non-spawn XP
 C = Spawn XP percentage of total XP
 D = Spawn monster count
 E = Non-spawn monster count
 F = Spawn count percentage of total count
 G = Total turns spent on level
                    A         B        C        D         E        F      G
               +---------+---------+-------+---------+---------+-------+---------
         Total |       0 |    9268 |   0.0 |       0 |      48 |   0.0 |  1900
               +---------+---------+-------+---------+---------+-------+---------
             D |       0 |    9268 |   0.0 |       0 |      48 |   0.0 |  1900
               +---------+---------+-------+---------+---------+-------+---------
